Megumin, chaotic female elven Wizard --- --.--- |....| |....---------- -...))%......| |...%....--- - ---.....%...| |.....(.....-- |.......<....-- |....%(..(....| --......%.[..-| --....-.-....--- ------ ---....-........| --- --..|...--...............| -----.. -------..- -..................-- -..................------............^...| --... ----@@..%......................-- | |@.%)------.................| ---..| |.................| ---- ---.------.--.----- --- ------ Megumin the Thaumaturge Experience level: 9 Strength: 11 Dexterity: 9 Constitution: 16 Intelligence: 20 Wisdom: 12 Charisma: 8 Health: 0(64) Energy: 4(94) AC: 10 Gold: 499 Moves: 4436 Your Inventory: Coins $ - 499 gold pieces Weapons s - a [cursed -4] dagger t - a [blessed +0] dagger v - an [uncursed +0] elven dagger named Stiig (weapon in hand) z - 7 [uncursed] +0 daggers (in quiver) Comestibles p - 2 [uncursed] lichen corpses q - an [uncursed] pancake A - an [uncursed] orange D - 2 [uncursed] food rations F - an [uncursed] slime mold Scrolls w - an [uncursed] unlabeled scroll [of blank paper] G - a [cursed] scroll of create monster Spellbooks J - a [blessed] spellbook of invisibility Potions h - an uncursed potion of water H - an [uncursed] yellow potion [of object detection] Rings d - an uncursed ring of slow digestion (on right hand) e - an uncursed ring of free action (on left hand) r - an [uncursed] ruby ring [of searching] E - an [uncursed] jet ring [of poison resistance] Wands c - an uncursed wand of sleep (0:0) I - an [uncursed] wand of striking (0:0) Tools n - an uncursed magic marker (0:41) o - an uncursed wooden harp x - an [uncursed] key [skeleton key] y - a [cursed] brass lantern Spells known in the end: Name Level Category Fail Memory a - force bolt 1 attack 0% [|||||||.] b - confuse monster 2 enchantment 0% [|||||||.] c - invisibility 4 escape 82% [||||||||] Your skills at the end: Fighting Skills Weapon Skills dagger [Basic / Expert] quarterstaff [Basic / Expert] Spellcasting Skills attack spells [Skilled / Expert] enchantment spells [Basic / Skilled] Final Attributes: You were piously aligned. Hunger level was 1207. Your alignment was 32 / 32. Monster difficulty range was 1 - 9. Level difficulty was 9. You were immune to sleep. You saw invisible. You were telepathic. You had infravision. You had slower digestion. You had free action. Your luck was zero. You are dead. Vanquished creatures: a large cat a pit viper 3 ettin zombies a giant beetle a quivering blob a spotted jelly 3 giant spiders a gnome king a brown pudding a dingo a raven an imp a quasit a fog cloud 4 gnome lords 3 gnomish wizards a ghoul a straw golem a paper golem 2 giant ants a floating eye 10 dwarves a homunculus a kobold lord 3 rothes 5 dwarf zombies a wererat 2 hobbits a hobgoblin a cave spider 2 brown molds 2 yellow molds a green mold 2 red molds 29 gnomes 2 gnome zombies a gecko a jackal a goblin 3 sewer rats 5 grid bugs 3 lichens a kobold zombie 2 newts 111 creatures vanquished. Voluntary challenges: You used a wielded weapon 80 times. You read items or engraved 3 times. You put on armor 1 time. You never genocided any monsters. You never polymorphed an object. You never changed form. You used no wishes. You never wrote Elbereth's name. You encountered 1 bones level. You never used any Sokoban shortcuts. Dungeon overview: The Dungeons of Doom: levels 1 to 4 Level 1 a long staircase Level 4 a sink stairs to The Gnomish Mines The Gnomish Mines: levels 5 to 9 Level 5 stairs to The Dungeons of Doom Level 7 some shops, a temple to Anhur, a magic chest, some fountains Level 9 <- You were here History has recorded: On T:1 you entered the Dungeons of Doom to retrieve the Amulet of Yendor! On T:408 you reached level 2 of The Dungeons of Doom. On T:449 you advanced to experience level 2. On T:548 you advanced to experience level 3. On T:755 you reached level 3 of The Dungeons of Doom. On T:887 you advanced to experience level 4. On T:932 you reached level 4 of The Dungeons of Doom. On T:1097 you advanced to experience level 5. On T:1178 you reached level 1 of The Gnomish Mines. On T:1273 you advanced to experience level 6. On T:1318 you reached level 2 of The Gnomish Mines. On T:1358 you reached level 3 of The Gnomish Mines. On T:1983 you advanced to experience level 7. On T:2736 you reached level 4 of The Gnomish Mines. On T:2791 you advanced to experience level 8. On T:4070 you reached level 5 of The Gnomish Mines. On T:4331 you advanced to experience level 9. Latest messages: [HP-11=35] You hit the soldier. The soldier thrusts his spear. The soldier hits! The soldier thrusts her short sword. The short sword burns you! Your scroll of remove curse catches fire and burns! [HP-12=23] There is no such scroll! The soldier thrusts his spear. The soldier hits! The soldier thrusts her short sword of fire. The short sword burns you! [HP-20=3] You begin praying to Anhur. The soldier thrusts his spear. The soldier hits! You die... Final status: Goodbye Megumin the Wizard... You died in The Gnomish Mines on dungeon level 9 with 7562 points, and 499 pieces of gold, after 4436 moves. You were level 9 with a maximum of 64 hit points when you died.